 Dungeon Crawl Stone Soup version 0.27-a0-328-g7f782ed93a (webtiles) character file.

Game seed: 16817098613553791283

18 CurlyBrace the Caller (level 2, 0/12 HPs)
             Began as a Felid Summoner on Feb 11, 2021.
             Slain by a hound (1 damage)
             ... on level 3 of the Dungeon.
             The game lasted 00:04:37 (296 turns).

CurlyBrace the Caller (Felid Summoner)               Turns: 296, Time: 00:04:38

Health: 0/12       AC:  1    Str: 10    XL:     2   Next: 51%
Magic:  5/6        EV: 18    Int: 16    God:
Gold:   33         SH:  0    Dex: 16    Spells: 4/5 levels left
                                        Lives:  0   Deaths: 0

rFire    . . .     SeeInvis +     - Unarmed
rCold    . . .     Faith    .   (shield unavailable)
rNeg     . . .     Spirit   .   (armour unavailable)
rPois    .         Reflect  .   (helmet unavailable)
rElec    .         Harm     .   (cloak unavailable)
rCorr    .         Rampage  .   (gloves unavailable)
Will     .....                  (boots unavailable)
Stlth    +++.......             (no amulet)
HPRegen  0.04/turn              c - +6 ring of strength
MPRegen  0.10/turn              (no ring)

@: attractive, quick
A: very small, no armour, no weapons or thrown items, stealth, claws 1, fangs 3,
see invisible, speed 1, shaggy fur 1, sharp paws
a: no special abilities


You were on level 3 of the Dungeon.
You visited 1 branch of the dungeon, and saw 3 of its levels.

You collected 33 gold pieces.

Inventory:

Jewellery
 c - a +6 ring of strength (left paw)
   (You found it on level 2 of the Dungeon)


   Skills:
 * Level 1.1 Fighting
 - Level 3.0 Dodging
 - Level 3.0 Stealth
 * Level 1.2 Unarmed Combat
 - Level 2.0 Spellcasting
 - Level 4.0 Summonings


You had 4 spell levels left.
You knew the following spells:

 Your Spells              Type           Power        Failure   Level
a - Summon Small Mammal   Summ           56%          4%          1

Your spell library contained the following spells:

 Spells                   Type           Power        Failure   Level
 Call Imp                 Summ           14%          6%          2
 Call Canine Familiar     Summ           14%          12%         3
 Summon Guardian Golem    Hex/Summ       8%           26%         3
 Summon Ice Beast         Ice/Summ       8%           65%         4
 Summon Lightning Spire   Summ/Air       8%           65%         4


Dungeon Overview and Level Annotations

Branches:
Dungeon (3/15)

Altars:
Dithmenos


Innate Abilities, Weirdness & Mutations

You cannot wear armour.
You are incapable of wielding weapons or throwing items.
Your paws allow you to move quietly. (Stealth)
You have sharp claws.
You have razor-sharp teeth.
You have supernaturally acute eyesight. (SInv)
You cover ground quickly.
You are covered in fur. (AC +1)
Your sharp claws are effective at attacking unaware monsters.


Message History

You open the door.
A hound comes into view.
There is an open door here.
The hound barks!
The hound misses you.
It was a potion of attraction.
You feel attractive to monsters. The bat completely misses you.
The hound bites you.
* * * LOW HITPOINT WARNING * * *
The bat closely misses you. The hound bites you.
* * * LOW HITPOINT WARNING * * *
The hound closely misses you. The bat misses you. The bat is pulled toward you!
The bat is pulled toward you! The bat misses you.
The hound is pulled toward you! The bat closely misses you.
The hound closely misses you. The bat barely misses you.
The bat barely misses you. The bat is pulled toward you!
Unknown command.
The hound closely misses you.
Casting: Summon Small Mammal (safe; 4% risk of failure)
Confirm with . or Enter, or press ? or * to list all spells.
The hound misses you.
Unknown command.
You scratch the hound. Your bite misses the hound.
The hound is moderately wounded.
The hound closely misses you. The hound completely misses you.
Your rat closely misses the hound.
You scratch the hound. You bite the hound, but do no damage.
The hound is moderately wounded.
The hound stops to sniff the ground.
The hound misses you.
Your rat closely misses the hound.
You scratch the hound.
The hound is heavily wounded.
The hound bites you.
* * * LOW HITPOINT WARNING * * *
The hound bites you.
You die...

#......## #.....#
##.###'##
##..#....# ###
##...+....#####.##
#....#....+.##...##
+...b#....#..<....#
#....##+######.<.##
##....rh@# ##.##
##.....## ##..
##...## .## ##+##
.# .# .# .#


You could see a hound and a friendly rat (summoned).

Vanquished Creatures
  An adder (D:2)
  3 giant cockroaches
  4 kobolds
  A quokka (D:2)
  A ball python (D:1)
  A bat (D:2)
  3 rats
14 creatures vanquished.

Notes
Turn   | Place    | Note
-------+----------+-------------------------------------------
     0 | D:1      | CurlyBrace the Felid Summoner began the quest for the Orb.
     0 | D:1      | Reached XP level 1. HP: 7/7 MP: 4/4
   148 | D:2      | Found a shadowy altar of Dithmenos.
   177 | D:2      | Reached skill level 1 in Unarmed Combat
   177 | D:2      | Reached XP level 2. HP: 12/12 MP: 0/6
   209 | D:2      | Reached skill level 1 in Fighting
   296 | D:3      | Slain by a hound

Illustrated notes

Levels and vault maps discovered:
D:1:      matt_arrival_los_fun, layout_loops_ring, kennysheep_pointless_box
D:2:      layout_rooms, overflow_temple_1_default,
          chequers_serial_rivers_large_b, lexackson_kobold_supper
D:3:      layout_loops_corners, pdpol_wu_jian_five_deadly_venoms,
          chequers_ecumenical_altar_simple_redux, kennysheep_generic_room_14,
          uniq_ijyb

Skill      XL: |  1  2 |
---------------+-------+-----
Unarmed Combat | 1 |  1.2
Fighting       | 1 |  1.1
Dodging        | 3 |  3.0
Stealth        | 3 |  3.0
Spellcasting   | |  2.0
Summonings     | |  4.0

Action                   || total
-------------------------++-------
Melee: Unarmed           ||    41
       Bite              ||     7
 Cast: Summon Small Mamm ||    10
  Use: Potion            ||     3
       Scroll            ||     1
Armor: Skin              ||     2
Dodge: Dodged            ||    68

Table legend: (Time is in decaauts)
 A = Elapsed time spent in this place.
 B = Non-inter-level travel time spent in this place.
 C = Inter-level travel time spent in this place.
 D = Time resting spent in this place.
 E = Time spent auto-exploring this place.
 F = Levels seen in this place.
 G = Mean time per level.
                   A        B        C        D        E       F      G
               +--------+--------+--------+--------+--------+-----+--------+
         Total |    259 |    259 |      0 |      0 |      0 |   3 |   86.3 |
       Dungeon |    259 |    259 |      0 |      0 |      0 |   3 |   86.3 |
               +--------+--------+--------+--------+--------+-----+--------+

Top non-repeatable levels by time:
     D:2: 178 daAuts
     D:1: 52 daAuts
     D:3: 28 daAuts
